 Dungeon Crawl Stone Soup version 0.21-a0-349-g0c35859 (webtiles) character file.

119 Dfrag the Firebug (level 4, -2/30 HPs)
             Began as a Demonspawn Fire Elementalist on Oct 7, 2017.
             Incinerated by Psyclone's ghost (5 damage)
             ... with a sticky flame
             ... on level 3 of the Dungeon.
             The game lasted 00:04:22 (2324 turns).

Dfrag the Firebug (Demonspawn Fire Elementalist)    Turns: 2324, Time: 00:04:22

Health: -2/30      AC:  2    Str: 13    XL:     4   Next: 74%
Magic:  2/8        EV: 12    Int: 17    God:
Gold:   137        SH:  4    Dex: 14    Spells: 1/9 levels left

rFire    . . .     SeeInvis .   a - +2 dagger (drain)
rCold    . . .     Gourm    .   (no shield)
rNeg     . . .     Faith    .   s - +0 robe (curse)
rPois    .         Spirit   .   (no helmet)
rElec    .         Reflect  .   (no cloak)
rCorr    .         Harm     .   (no gloves)
MR       .....                  (no boots)
Stlth    +.........             (no amulet)
HPRegen  0.10/turn              (no ring)
MPRegen  0.11/turn              (no ring)

@: mighty, liquid flames, glowing
A: claws 1, large bone plates 1, powered by death 1
a: no special abilities


You were on level 3 of the Dungeon.
You were hungry.

You visited 1 branch of the dungeon, and saw 3 of its levels.

You collected 137 gold pieces.

Inventory:

Hand Weapons
 a - a +2 dagger of draining (weapon)
Armour
 s - a cursed +0 robe (worn)
Scrolls
 d - a scroll of random uselessness {unknown}
 f - a scroll of enchant armour {unknown}
 h - a scroll of immolation {unknown}
 j - 2 scrolls of remove curse {unknown}
 l - a scroll of teleportation {unknown}
 m - 3 scrolls of identify {unknown}
 n - a scroll of recharging {unknown}
 r - a scroll of fear {unknown}
Potions
 e - a potion of brilliance
 p - a potion of degeneration {unknown}
Books
 b - a book of Flames

   Spells                             Type                      Level
   a - Flame Tongue                   Conjuration/Fire             1
   b - Throw Flame                    Conjuration/Fire             2
   c - Conjure Flame                  Conjuration/Fire             3
   d - Inner Flame                    Hexes/Fire                   3
   e - Sticky Flame                   Conjuration/Fire             4
   f - Fireball                       Conjuration/Fire             5
Comestibles
 c - 2 bread rations
 g - a royal jelly
 k - 2 meat rations


   Skills:
 - Level 1.7 Dodging
 - Level 1.7 Stealth
 + Level 3.1 Spellcasting
 + Level 2.7 Conjurations
 + Level 3.6 Fire Magic


You had one spell level left.
You knew the following spells:

 Your Spells              Type           Power        Failure   Level  Hunger
a - Flame Tongue          Conj/Fire      ##...        4%          1    None
b - Conjure Flame         Conj/Fire      ##......     14%         3    ###....
c - Sticky Flame          Conj/Fire      ##......     43%         4    ####...


Dungeon Overview and Level Annotations

Branches:
Dungeon (3/15)

Altars:
Fedhas
Wu Jian

Annotations:
D:3 Psyclone's ghost, amateur DEFE


Innate Abilities, Weirdness & Mutations

You have sharp fingernails.
You are partially covered in large bone plates. (SH +4)
You regenerate a little health from kills.


Message History

Press: ? - help, Shift-Dir - straight line, f/p - Psyclone's ghost
Aim: Psyclone's ghost (moderately damaged)
The flame tongue misses Psyclone's ghost.
You are covered in liquid flames!
Psyclone's ghost hits you.
You are too injured to fight recklessly!
Okay, then.
Unknown command.
It was a potion of might.
You feel very mighty all of a sudden.
You are covered in liquid flames!
* * * LOW HITPOINT WARNING * * *
Psyclone's ghost hits you!
* * * LOW HITPOINT WARNING * * *
Unknown command.
It was a potion of cancellation.
Your magical effects are unravelling.
You feel magically purged.
You are covered in liquid flames!
You die...

#..........# #.#
#..........# #.#
#......W...# #.#
#..........# #.#
#..........# #.#
###........###.#
#............#######
#........####......#
#######...W@...###.#
#.#####..# #.# #.#<#
#..# #.# #.#.# #..#
#.# #.#.# #..# #.#
#.#.# #..# #.#
#.#.###..# #.#
#......###.###
######.......#


You could see Psyclone's ghost.

Vanquished Creatures
  Jessica (D:3)
  3 adders (D:3)
  An ooze (D:1)
  6 worms
  A dart slug (D:3)
  3 ball pythons (D:3)
  6 bats
  A giant cockroach (D:1)
  7 goblins
  4 hobgoblins
  3 jackals (D:3)
  2 quokkas (D:2)
  A frilled lizard (D:3)
  3 kobolds
  5 rats
47 creatures vanquished.

Notes
Turn   | Place    | Note
-------+----------+-------------------------------------------
     0 | D:1      | Dfrag the Demonspawn Fire Elementalist began the quest for the Orb.
     0 | D:1      | Reached XP level 1. HP: 13/13 MP: 3/3
   321 | D:1      | Gained mutation: You regenerate a little health from kills. [demonic ancestry]
   321 | D:1      | Reached XP level 2. HP: 18/19 MP: 0/5
   948 | D:2      | Found an ornate altar of the Wu Jian Council.
  1231 | D:2      | Gained mutation: You have sharp fingernails. [demonic ancestry]
  1231 | D:2      | Reached XP level 3. HP: 24/24 MP: 3/6
  1290 | D:2      | Learned a level 3 spell: Conjure Flame
  1630 | D:3      | Found a blossoming altar of Fedhas.
  1671 | D:3      | Gained mutation: You are partially covered in large bone plates. (SH +4) [demonic ancestry]
  1671 | D:3      | Reached XP level 4. HP: 30/30 MP: 4/8
  2111 | D:3      | Learned a level 4 spell: Sticky Flame
  2123 | D:3      | Noticed Jessica
  2125 | D:3      | Killed Jessica
  2199 | D:3      | Noticed Psyclone's ghost (amateur DEFE)
  2324 | D:3      | Incinerated by Psyclone's ghost

Vault maps used:
D:1:      elethiomel_arrival_infinity_welcomes_careful_drivers
D:2:      overflow_temple_1_default
D:3:      marbit_many_paths, uniq_jessica

Skill      XL: |  1  2  3  4 |
---------------+-------------+-----
Fire Magic     | 3 |  3.6
Conjurations   | 2 |  2.7
Spellcasting   | 3 |  3.1
Dodging        | |  1.7
Stealth        | |  1.7

Action                   |  1- 3 |  4- 6 || total
-------------------------+-------+-------++-------
Melee: Unarmed           |    19 |     6 ||    25
 Cast: Flame Tongue      |    65 |    40 ||   105
       Conjure Flame     |       |     1 ||     1
  Use: Potion            |     1 |     2 ||     3
  Eat: Chunk             |     3 |     1 ||     4
Armor: Robe              |     8 |     1 ||     9
Dodge: Dodged            |    43 |     4 ||    47
Block: Other             |       |     4 ||     4

Table legend:
 A = Spawn XP
 B = Non-spawn XP
 C = Spawn XP percentage of total XP
 D = Spawn monster count
 E = Non-spawn monster count
 F = Spawn count percentage of total count
 G = Total turns spent on level
                    A         B        C        D         E        F      G
               +---------+---------+-------+---------+---------+-------+---------
         Total |       0 |     171 |   0.0 |       0 |      47 |   0.0 |  2324
               +---------+---------+-------+---------+---------+-------+---------
           D:1 |       0 |      24 |   0.0 |       0 |      11 |   0.0 |   792
           D:2 |       0 |      23 |   0.0 |       0 |      13 |   0.0 |   597
           D:3 |       0 |     124 |   0.0 |       0 |      23 |   0.0 |   935
               +---------+---------+-------+---------+---------+-------+---------
